[Event "Late-Titled-Tuesday-Blitz-March-26-2024"]
[Site "Chess.com"]
[Date "2024.03.26"]
[Round "7"]
[White "vangulio"]
[Black "CMmauricio"]
[Result "0-1"]
[WhiteElo "2555"]
[BlackElo "2765"]
[TimeControl "180+1"]
[EndTime "15:18:16 PDT"]
[Termination "CMmauricio won by resignation"]

1. e4 e6 2. d4 d5 3. e5 c5 4. c3 Nc6 5. Nf3 Qb6 6. a3 Nh6 7. b4 cxd4 8. Bd3 Bd7 9. O-O Rc8 10. Re1 dxc3 11. Nxc3 Nxb4 12. axb4 Rxc3 13. Be3 Qd8 14. b5 Bb4 15. Rxa7 Rxd3 16. Qxd3 Bxe1 17. Nxe1 O-O 18. Rxb7 Qc8 19. Ra7 Nf5 20. b6 Bc6 21. Bc5 Rd8 22. g4 Nh4 23. Qg3 Ng6 24. Bd4 Bb7 25. Qc3 Nf4 26. Qxc8 Bxc8 27. Kf1 h5 28. gxh5 Bd7 29. f3 Bb5+ 30. Kf2 Rb8 31. b7 Kh7 32. Be3 Nxh5 33. Nc2 Bc6 34. Nd4 Bxb7 35. Ra5 Rc8 36. Rb5 Ba6 37. Rb6 Ra8 38. Rc6 Bd3 39. Rc3 Ra2+ 40. Ke1 Bc4 41. Rc2 Ra1+ 42. Kf2 Rh1 43. Kg2 Re1 44. Bf2 Rd1 45. Ne2 Bxe2 46. Rxe2 Nf4+ 47.
Kg3 Nxe2+ 48. Kg4 Rf1 0-1

[Event "Late-Titled-Tuesday-Blitz-March-26-2024"]
[Site "Chess.com"]
[Date "2024.03.26"]
[Round "7"]
[White "Alex_Banzea"]
[Black "MariusBieliauskas"]
[Result "1-0"]
[WhiteElo "2525"]
[BlackElo "2329"]
[TimeControl "180+1"]
[EndTime "15:18:16 PDT"]
[Termination "Alex_Banzea won by resignation"]

1. d4 d5 2. Nc3 Nf6 3. Bf4 a6 4. e3 Bf5 5. f3 e6 6. g4 Bg6 7. h4 h5 8. g5 Nfd7 9. Bd3 Bxd3 10. Qxd3 g6 11. Nge2 c5 12. O-O-O Nc6 13. e4 cxd4 14. Nxd4 Bg7 15. Nxe6 fxe6 16. exd5 Nce5 17. Qe4 Qe7 18. Bxe5 Nxe5 19. dxe6 Qxe6 20. f4 O-O 21. fxe5 Qxe5 22. Qxg6 Rad8 23. Rde1 Qf4+ 24. Kb1 Rd6 25. Qe4 Bxc3 26.
Qxf4 Rxf4 27. bxc3 Rb6+ 28. Kc1 Rc6 29. Re8+ Kf7 30.
Rb8 Rxc3 31. Rxb7+ Kg6 32. Rb3 Rcc4 33. Rb6+ Kg7 34.
Rd1 Rcd4 35. Rxd4 Rxd4 36. Rxa6 Rxh4 37. Rh6 Rh1+ 38. Kb2 h4 39. a4 h3 40. a5 Rg1 41.
Rxh3 Rxg5 42. Ra3 Rb5+ 43. Kc3 Rb8 44. a6 Kf6 45. a7 Ra8 46. Kd4 Ke6 47. Kc5 Kd7 48.
Kb6 Kc8 49. Rc3+ Kd8 50. Kb7 1-0

[Event "Late-Titled-Tuesday-Blitz-March-26-2024"]
[Site "Chess.com"]
[Date "2024.03.26"]
[Round "7"]
[White "Bala-Afiada"]
[Black "egnfanclub"]
[Result "0-1"]
[WhiteElo "1874"]
[BlackElo "2377"]
[TimeControl "180+1"]
[EndTime "15:18:16 PDT"]
[Termination "egnfanclub won by resignation"]

1. d4 d5 2. c4 c6 3. Nf3 Nf6 4. Qc2 e6 5. g3 dxc4 6. Qxc4 b5 7. Qc2 Bb7 8. Bg2 Na6 9. O-O Nb4 10. Qb3 a5 11. a3 a4 12. Qd1 Nbd5 13. Nc3 Nxc3 14.
bxc3 Be7 15. Ne5 Nd5 16. Qc2 f6 17. Nd3 O-O 18. e4 Nb6 19. e5 f5 20. Nf4 Qd7 21.
Qe2 Nd5 22. Bd2 Nxf4 23. Bxf4 g5 24. Bd2 Rad8 25. Qh5 f4 26. gxf4 gxf4 27. Be4 Rf7 28. Kh1 Bf8 29. Rg1+ Kh8 30. Qf3 c5 31. Bxb7 Qxb7 32.
Qxb7 Rxb7 33. Bxf4 cxd4 34. cxd4 Rxd4 35. Bg5 Bg7 36. Bf6 Bxf6 37. exf6 Rf4 38. Rac1 Rb8 39. Rc6 Rxf6 40. Re1 Rxf2 41. Rcxe6 Rf3 42. Re8+ Rxe8 43. Rxe8+ Kg7 44. Re7+ Kg6 45. Rb7 Rb3 46. Rb6+ Kf5 47.
Kg2 h5 48. Rb7 h4 49. Rb6 h3+ 50. Kf2 Ke5 51. Ke2 Kd5 52. Rb7 Kc4 53. Rc7+ Kd4 54. Rd7+ Kc3 55. Rc7+ Kb2 56. Kd2 Kxa3 57. Rc5 b4 58.
Rh5 Rb2+ 59. Kc1 Rxh2 60. Rb5 b3 0-1

[Event "Late-Titled-Tuesday-Blitz-March-26-2024"]
[Site "Chess.com"]
[Date "2024.03.26"]
[Round "7"]
[White "AryanTari"]
[Black "djano"]
[Result "1-0"]
[WhiteElo "2984"]
[BlackElo "2676"]
[TimeControl "180+1"]
[EndTime "15:18:17 PDT"]
[Termination "AryanTari won on time"]

1. e3 g6 2. h4 h6 3. d4 Bg7 4.
Nc3 d5 5. Nge2 Nf6 6. Nf4 c6 7. Bd3 Qd6 8. Qf3 Nbd7 9. Qg3 Nf8 10. Bd2 Bd7 11. O-O-O O-O-O 12. f3 Ne6 13. Nce2 Nxf4 14.
Nxf4 e5 15. Ne2 Nh5 16. Qh2 Qc7 17. g4 e4 18. fxe4 Qxh2 19. Rxh2 Bxg4 20. e5 Rhf8 21.
Rg1 Be6 22. Nf4 Nxf4 23. exf4 Rg8 24. f5 Bd7 25. fxg6 fxg6 26. Rxg6 Be8 27. Rg1 Bxe5 28. Bf5+ Bd7 29. Bxd7+ Kxd7 30. Rhg2 Rxg2 31. Rxg2 Bf6 32. h5 Bxd4 33. Bxh6 Rh8 34. Bg7 Bxg7 35. Rxg7+ Kc8 36.
Rg5 Kc7 37. Kd2 Kb6 38. Ke3 Re8+ 39. Kf3 Rf8+ 40. Kg3 d4 41. h6 c5 42. h7 Rh8 43.
Rh5 Kc6 44. Kf4 Kb5 45. Ke5 Kc4 46. Kf6 d3 47. Rh4+ Kd5 48. cxd3 1-0

[Event "Late-Titled-Tuesday-Blitz-March-26-2024"]
[Site "Chess.com"]
[Date "2024.03.26"]
[Round "7"]
[White "TanitoluwaAps116"]
[Black "hellokostya"]
[Result "1-0"]
[WhiteElo "2825"]
[BlackElo "2596"]
[TimeControl "180+1"]
[EndTime "15:18:17 PDT"]
[Termination "TanitoluwaAps116 won on time"]

1. e4 c5 2. Nf3 Nc6 3. Bb5 g6 4. Bxc6 dxc6 5. d3 Qc7 6. h3 e5 7. Be3 f6 8. Nbd2 Nh6 9. a3 Nf7 10. c3 Be6 11. b4 cxb4 12. axb4 b6 13. Ra6 Rd8 14. Qc2 Qd7 15. Ke2 f5 16. Rha1 c5 17. Rxa7 Qc6 18. Rxf7 Bxf7 19. Nxe5 Qe6 20. Nxf7 Kxf7 21. bxc5 Bxc5 22. d4 Be7 23. Ra7 fxe4 24. Nxe4 Qc4+ 25. Kd2 Rhe8 26. Bg5 b5 27. Qd1 Rxd4+ 28. cxd4 Qxd4+ 29. Ke2 Qxe4+ 30. Kf1 Qf5 31. Be3 Kg8 32. Qb3+ Qf7 33. Qxb5 Rd8 34. Kg1 Qe8 35. Qe5 Rd7 36. Qe6+ Kf8 37. Qxd7 1-0

[Event "Late-Titled-Tuesday-Blitz-March-26-2024"]
[Site "Chess.com"]
[Date "2024.03.26"]
[Round "7"]
[White "mishanick"]
[Black "Bryanl106"]
[Result "1-0"]
[WhiteElo "3040"]
[BlackElo "2678"]
[TimeControl "180+1"]
[EndTime "15:18:20 PDT"]
[Termination "mishanick won on time"]

1. d4 Nf6 2. c4 g6 3. Nc3 c5 4. d5 Bg7 5. e4 d6 6. Bd3 O-O 7. Nge2 e6 8. Bg5 exd5 9. Nxd5 Qa5+ 10.
Bd2 Qd8 11. Bg5 Qa5+ 12. b4 Qd8 13. bxc5 Qa5+ 14. Bd2 Qd8 15. cxd6 Nxd5 16. cxd5 Qxd6 17. Rc1 Nd7 18. O-O Ne5 19. Bb1 Bd7 20. Qb3 b5 21. Bb4 Qb6 22. Bc5 Qf6 23. f4 Nc4 24. e5 Qa6 25.
Qb4 Rfc8 26. Bd3 Qxa2 27. Nc3 Qb2 28. Bxc4 Qxb4 29. Bxb4 Rxc4 30. Ba5 g5 31. Ne2 gxf4 32.
Rxc4 bxc4 33. Bc3 Re8 34. Rxf4 Bxe5 35. Rxc4 Bb5 36. Rg4+ Kh8 37. Bxe5+ Rxe5 38. Nc3 Bd7 39. Rc4 a5 40. Rc7 Bf5 41. Kf2 Kg7 42. Ra7 Re8 43. Rxa5 Rc8 44. Ra3 Rc4 45. Ke3 Kf6 46. g3 Ke5 47. h4 h5 48. Ne2 1-0

[Event "Late-Titled-Tuesday-Blitz-March-26-2024"]
[Site "Chess.com"]
[Date "2024.03.26"]
[Round "7"]
[White "dolynachess"]
[Black "Karttunen"]
[Result "0-1"]
[WhiteElo "2512"]
[BlackElo "2706"]
[TimeControl "180+1"]
[EndTime "15:18:20 PDT"]
[Termination "Karttunen won on time"]

1. d4 Nf6 2. c4 e6 3. g3 d5 4. Bg2 Bb4+ 5. Nd2 a5 6. Nf3 dxc4 7. Qc2 b5 8. a4 c6 9. Ne5 Nd5 10. O-O f6 11. Nef3 Ba6 12. e4 Nb6 13. b3 cxb3 14.
Qxb3 bxa4 15. Qxe6+ Qe7 16. Qg4 Bxf1 17. Bxf1 O-O 18. Nc4 N8d7 19. Nh4 Kh8 20. Qh5 Qe8 21. Qg4 Nxc4 22. Bxc4 Nb6 23. Be6 Ra7 24. Be3 g5 25. Nf5 Qxe6 26. d5 cxd5 27. exd5 Qxd5 28. Bxb6 Rb7 29. Bd4 Bc5 30. Bc3 Bb4 31. Bd4 Bc5 32. Bc3 Bd6 33. Qxg5 Be5 34. Bxe5 Qxe5 35. Qh5 Rb5 36. Qh6 Rg8 37. Ne3 Qxa1+ 38. Kg2 Qe5 39. Qh5 Qxh5 0-1

[Event "Late-Titled-Tuesday-Blitz-March-26-2024"]
[Site "Chess.com"]
[Date "2024.03.26"]
[Round "7"]
[White "a-z30"]
[Black "NMJeevanK"]
[Result "1/2-1/2"]
[WhiteElo "2478"]
[BlackElo "2615"]
[TimeControl "180+1"]
[EndTime "15:18:21 PDT"]
[Termination "Game drawn by repetition"]

1. d3 h6 2. Nf3 Nf6 3. g3 d5 4.
Bg2 c5 5. O-O Nc6 6. c4 d4 7. e3 e5 8. exd4 exd4 9. Qa4 Bd7 10.
Qb3 Rb8 11. Bf4 Rc8 12. Re1+ Be7 13. Ne5 O-O 14. Nxc6 bxc6 15. Qa3 Re8 16. h3 Bf5 17. g4 Bg6 18. Nd2 Qd7 19. Ne4 Nxe4 20. Bxe4 f5 21.
Bf3 Bh4 22. Qxc5 Rxe1+ 23. Rxe1 Re8 24. Rxe8+ Qxe8 25. Qxd4 fxg4 26. hxg4 Bf6 27. Qd6 Bh4 28. Kg2 Qe1 29. Bg3 Bxg3 30. Qxg3 Bxd3 31. Qb8+ Kh7 32. Qxa7 Qf1+ 33. Kg3 Qg1+ 34. Kf4 Qh2+ 35. Ke3 Bg6 36. Qd4 Qc7 37. Be4 Qe7 38. f3 c5 39. Qd5 Kh8 40. Kd3 Bf7 41. Qa8+ Be8 42. Qd5 Bf7 43. Qa8+ Be8 44. Qd5 Bf7 1/2-1/2

[Event "Late-Titled-Tuesday-Blitz-March-26-2024"]
[Site "Chess.com"]
[Date "2024.03.26"]
[Round "7"]
[White "TimGrutter03"]
[Black "Harsha_Bharathakoti"]
[Result "0-1"]
[WhiteElo "2609"]
[BlackElo "2909"]
[TimeControl "180+1"]
[EndTime "15:18:22 PDT"]
[Termination "Harsha_Bharathakoti won on time"]

1. e4 c5 2. Nf3 Nc6 3. d4 cxd4 4. Nxd4 e6 5. Nc3 a6 6. g3 b5 7. Nxc6 dxc6 8. Qxd8+ Kxd8 9. e5 Bb7 10. Bg2 Kc7 11.
Be3 Ne7 12. Bc5 Nf5 13. Ne4 Rd8 14. Rd1 Bxc5 15. Nxc5 b4 16. Nb3 Kb6 17. Ke2 a5 18.
a4 bxa3 19. bxa3 a4 20. Na1 Ba6+ 21. Kf3 Bc4 22. Kf4 h6 23. Be4 g5+ 24. Kf3 Kc5 25. c3 Bb3 26. Rb1 Kc4 27. Bxc6 Rd2 28. Bb7 g4+ 29.
Kxg4 Rxf2 30. Ba6+ Kxc3 31. Rhc1+ Kd4 32. Nxb3+ axb3 33.
Rc4+ Kxe5 34. Rxb3 Rxh2 35. Rb5+ Kf6 36. Kf4 h5 37. Rc6 Rf2+ 38. Ke4 h4 39. g4 Ng3+ 0-1

[Event "Late-Titled-Tuesday-Blitz-March-26-2024"]
[Site "Chess.com"]
[Date "2024.03.26"]
[Round "7"]
[White "IriBu"]
[Black "ProfessorChess101"]
[Result "0-1"]
[WhiteElo "2569"]
[BlackElo "2773"]
[TimeControl "180+1"]
[EndTime "15:18:24 PDT"]
[Termination "ProfessorChess101 won by resignation"]

1. Nf3 d5 2. d3 Nc6 3. g3 e5 4. Bg2 Be6 5. Nbd2 Be7 6. e4 d4 7. Nc4 f6 8. a4 h5 9. h4 Nh6 10. b3 Ng4 11. Bd2 Qd7 12. a5 a6 13.
Ra4 Na7 14. Nh2 Nb5 15. Nxg4 hxg4 16. f4 gxf3 17. Bxf3 O-O-O 18. Qe2 g5 19. h5 g4 20. Bg2 Rh7 21. Kd1 Rdh8 22. h6 Rxh6 23. Rxh6 Rxh6 24.
Bxh6 Nc3+ 25. Kd2 Nxe2 26. Kxe2 Qe8 27. Ra1 Bb4 28. Rf1 Qg6 29. Bd2 Bxd2 30. Nxd2 Qg5 31. Kd1 Qe3 32. Rxf6 Kd7 33. Bf1 Qxg3 34. Rg6 Qf2 35.
Rg7+ Kd8 36. Rg6 Bf7 37. Rg5 Qe3 38. Rf5 Bg6 39. Rf6 Qg5 40. Rf8+ Ke7 41. Rc8 Kd7 42. Rf8 g3 43. Bg2 Bh5+ 44. Nf3 Qe3 45. Rf5 Qg1+ 46. Kd2 Qxg2+ 47. Kc1 Bxf3 48. Rf7+ Kd6 49. Rf6+ Ke7 50. Rf5 Qg1+ 51. Kb2 Qe3 52. Rxe5+ Kd7 53. Rd5+ Kc8 54. Rf5 g2 55. Rf8+ Kd7 56. Rf7+ Ke6 0-1

[Event "Late-Titled-Tuesday-Blitz-March-26-2024"]
[Site "Chess.com"]
[Date "2024.03.26"]
[Round "7"]
[White "GMMikhailKazakov"]
[Black "aghasiyevkamal"]
[Result "1-0"]
[WhiteElo "2516"]
[BlackElo "2636"]
[TimeControl "180+1"]
[EndTime "15:18:26 PDT"]
[Termination "GMMikhailKazakov won by checkmate"]

1. e4 c5 2. Nf3 d6 3. d4 cxd4 4. Nxd4 Nf6 5. Nc3 g6 6. Be3 Bg7 7. f3 O-O 8. Bc4 Nc6 9. Qd2 Bd7 10. Bb3 Rc8 11. O-O-O Ne5 12. Kb1 Nc4 13. Bxc4 Rxc4 14. Nb3 Be6 15. Bh6 Bxh6 16. Qxh6 Rxc3 17. bxc3 Qc7 18.
Qd2 Nd7 19. h4 Ne5 20. h5 Nc4 21. Qd4 f6 22. hxg6 hxg6 23. Rh6 Kf7 24. Rh7+ Ke8 25. f4 a5 26. Qa7 Na3+ 27. Kb2 Nc4+ 28. Kc1 d5 29. g3 Kd7 30. Nc5+ Kd6 31. Nxe6 Kxe6 32. Rxd5 Nd6 33. Qd4 Rc8 34. f5+ gxf5 35. exf5+ Kd7 36. Qxf6 Re8 37. Qe6+ Kd8 38. f6 Qxc3 39. fxe7+ Kc7 40. Qxd6+ Kc8 41. Qd8+ Rxd8 42. exd8=Q# 1-0

[Event "Late-Titled-Tuesday-Blitz-March-26-2024"]
[Site "Chess.com"]
[Date "2024.03.26"]
[Round "7"]
[White "Hikaru"]
[Black "Zkid"]
[Result "1-0"]
[WhiteElo "3279"]
[BlackElo "2926"]
[TimeControl "180+1"]
[EndTime "15:18:27 PDT"]
[Termination "Hikaru won by resignation"]

1. Nf3 Nf6 2. b3 g6 3. d4 Bg7 4. Bb2 c5 5. dxc5 Qa5+ 6. Nbd2 Qxc5 7. e3 O-O 8. c4 d5 9. a3 dxc4 10. b4 Qh5 11. Bxc4 Nc6 12. Rc1 Bg4 13. h3 Rfd8 14.
Qb3 e6 15. Be2 Bxf3 16. Bxf3 Qb5 17. Rc5 Qd3 18. Qxd3 Rxd3 19. Ke2 Rad8 20. Rc2 R3d7 21. Bxc6 bxc6 22. Rhc1 Nd5 23. Bxg7 Kxg7 24. Nb3 Ne7 25. Nc5 Rd5 26. Nb3 e5 27. Rc5 R8d7 28. e4 Rd3 29.
R1c3 Rxc3 30. Rxc3 f5 31. f3 Kf6 32. Rc5 g5 33. Na5 Rd6 34. Nc4 Rd4 35. Ke3 fxe4 36.
fxe4 Rd1 37. Nxe5 Re1+ 38. Kf3 Rf1+ 39. Ke2 Ra1 40. Ra5 h5 41. g4 h4 42. Nf3 Ng6 43.
e5+ Ke7 44. Nxg5 Nf4+ 45. Kf3 Rf1+ 46. Ke4 Nd5 47. Rxa7+ Ke8 48. Rh7 Re1+ 49. Kf5 1-0

[Event "Late-Titled-Tuesday-Blitz-March-26-2024"]
[Site "Chess.com"]
[Date "2024.03.26"]
[Round "7"]
[White "stolencandy13"]
[Black "Genghis_K"]
[Result "0-1"]
[WhiteElo "2661"]
[BlackElo "2920"]
[TimeControl "180+1"]
[EndTime "15:18:27 PDT"]
[Termination "Genghis_K won by resignation"]

1. d4 Nf6 2. Bf4 d5 3. e3 c5 4.
c3 Nc6 5. Nd2 Bf5 6. Qb3 Qc8 7.
dxc5 e5 8. Bg3 Bxc5 9. Ngf3 e4 10. Nd4 Bxd4 11. cxd4 O-O 12. Be2 Bg4 13. Bxg4 Qxg4 14.
O-O Qd7 15. Rac1 Rac8 16. Qa3 h5 17. Bh4 Nh7 18. h3 g5 19. Bg3 h4 20. Bd6 Rfd8 21.
Bh2 f5 22. f3 exf3 23. Nxf3 Qe6 24. Ne5 g4 25. hxg4 fxg4 26. Bf4 g3 27. Qd3 Ne7 28.
Qe2 Rxc1 29. Rxc1 Rc8 30. Rf1 Qf5 31. Bxg3 Qe4 32. Bf4 Nf6 33. Bg5 Rc2 34. Qf3 Qxf3 35.
Rxf3 Ne4 36. Bxe7 Rxb2 37. Bxh4 Rxa2 38. Rf7 Rb2 39. Rd7 a5 40. Ng4 a4 41. Nf6+ Nxf6 42. Bxf6 a3 43. Rd8+ Kf7 44. Ra8 a2 45. Kh2 Kxf6 46.
Kh3 b5 47. g4 b4 48. Rf8+ Ke7 49. Ra8 b3 50. g5 Rb1 51. g6 a1=Q 52. Rxa1 Rxa1 53.
Kg4 Rg1+ 54. Kf5 b2 55. Ke5 Rg5+ 0-1

[Event "Late-Titled-Tuesday-Blitz-March-26-2024"]
[Site "Chess.com"]
[Date "2024.03.26"]
[Round "7"]
[White "PepeCuenca"]
[Black "m_ezat"]
[Result "1-0"]
[WhiteElo "2737"]
[BlackElo "2552"]
[TimeControl "180+1"]
[EndTime "15:18:27 PDT"]
[Termination "PepeCuenca won by checkmate"]

1. d4 Nf6 2. Bf4 d5 3. e3 c5 4.
dxc5 Nc6 5. Bb5 e5 6. Bxe5 Bxc5 7. Nc3 Be6 8. Nge2 O-O 9. Bg3 d4 10. exd4 Nxd4 11. O-O Bf5 12. Nxd4 Qxd4 13. Bd3 Bxd3 14.
Qxd3 Qb4 15. a3 Qd4 16. Rad1 Rad8 17. Qb5 a6 18. Qxb7 Qc4 19. Qb3 Qxb3 20. cxb3 Bd4 21. h3 h6 22. Kh2 Rfe8 23. Rd3 Bxf2 24. Rxd8 Bxg3+ 25. Kxg3 Rxd8 26. Rd1 Rb8 27. b4 g5 28.
Rd6 Kg7 29. Rxa6 Re8 30. Kf3 Re1 31. Rd6 Rf1+ 32. Ke2 Rg1 33. Kf2 Rc1 34. Rd2 g4 35. b5 g3+ 36. Kf3 Re1 37. Kxg3 Re6 38.
a4 Ne4+ 39. Nxe4 Rxe4 40. b3 Rb4 41. Rd3 f5 42. Kf3 Kf6 43. Ke2 Ke5 44. Kd2 f4 45. Kc3 Re4 46. b6 Kf5 47. b7 Re8 48. a5 Re7 49. a6 Rc7+ 50. Kb4 Rc6 51. b8=Q Rxa6 52. Qc8+ Kg5 53. Qxa6 Kh4 54. Qc4 Kg5 55. Rf3 Kh5 56.
Qxf4 Kg6 57. Qf5+ Kg7 58. Qf7+ Kh8 59. Rg3 h5 60. Rg8# 1-0

[Event "Late-Titled-Tuesday-Blitz-March-26-2024"]
[Site "Chess.com"]
[Date "2024.03.26"]
[Round "7"]
[White "akanga001"]
[Black "TheMagician"]
[Result "0-1"]
[WhiteElo "2079"]
[BlackElo "2275"]
[TimeControl "180+1"]
[EndTime "15:18:27 PDT"]
[Termination "TheMagician won by resignation"]

1. d4 Nf6 2. c4 e6 3. Nc3 Bb4 4. e3 c5 5. a3 Bxc3+ 6. bxc3 d6 7. Ne2 Qe7 8. Ng3 Nc6 9. Be2 O-O 10. O-O e5 11. d5 Na5 12. e4 Ne8 13. f4 f6 14.
Qa4 b6 15. Qd1 Ba6 16. Nf5 Qd7 17. fxe5 dxe5 18. Rf3 Nd6 19. Nxd6 Qxd6 20. Rg3 Bxc4 21. Bg4 Rad8 22. Be6+ Qxe6 23. Bh6 Qf7 24. Bxg7 Qxg7 25.
Qh5 Qxg3 26. hxg3 Rf7 27. Qf5 Nb7 28. Kf2 Nd6 29. Qg4+ Kf8 30. Rh1 Bd3 31. Qe6 Bxe4 32. Rh6 Bf5 33. Qxf7+ Kxf7 34. Rh4 Be4 35. c4 Rh8 36.
Ke3 Bxd5 37. cxd5 Nf5+ 38. Ke4 Nxh4 39. gxh4 Kg6 40. g4 Rd8 41. a4 h5 42. gxh5+ Kxh5 43.
Kf5 Rxd5 44. Kxf6 Rd4 45. Kxe5 Rxa4 46. Kd6 Rxh4 47. Kc6 c4 48. Kb7 c3 49. Kxa7 c2 50. Kxb6 c1=Q 0-1

[Event "Late-Titled-Tuesday-Blitz-March-26-2024"]
[Site "Chess.com"]
[Date "2024.03.26"]
[Round "7"]
[White "WilsonPalencia21"]
[Black "AntonovaNadezhda"]
[Result "1-0"]
[WhiteElo "2592"]
[BlackElo "2161"]
[TimeControl "180+1"]
[EndTime "15:18:28 PDT"]
[Termination "WilsonPalencia21 won on time"]

1. d4 Nf6 2. c4 g6 3. Nf3 Bg7 4. Nc3 O-O 5. e4 d6 6. Be2 e5 7.
O-O Nc6 8. d5 Ne7 9. Ne1 Nd7 10.
Nd3 f5 11. Bd2 a6 12. Rc1 f4 13. b4 g5 14. c5 Rf6 15. cxd6 cxd6 16. a4 Rh6 17. g4 Qe8 18. f3 Rh4 19. Be1 Rh6 20. a5 Nf6 21. Kg2 Bd7 22. h3 Rg6 23. Nf2 h5 24. Rb1 hxg4 25. hxg4 Rh6 26. Bd2 Ng6 27. Rh1 Nh4+ 28. Kf1 Kf7 29. b5 Rb8 30. bxa6 bxa6 31.
Rxb8 Qxb8 32. Qb1 Qxb1+ 33. Nxb1 Bc8 34. Bb4 Nd7 35. Na3 Bf8 36. Nc4 Be7 37. Bd1 Bb7 38. Ke2 Rh8 39. Ba4 Nc5 40. Bxc5 dxc5 41. Nxe5+ Kg7 42.
Rb1 Bc8 43. Nc4 Ng2 44. d6 Be6 45. dxe7 Bxc4+ 46. Kd2 Bb5 47. Rxb5 axb5 48. Bxb5 Kf7 49. e8=Q+ Rxe8 50. Bxe8+ Kxe8 51. Nh3 Ne3 52. a6 Kd7 53.
Nxg5 Kc6 54. Ne6 Ng2 55. g5 Kb6 56. g6 Nh4 57. g7 1-0

[Event "Late-Titled-Tuesday-Blitz-March-26-2024"]
[Site "Chess.com"]
[Date "2024.03.26"]
[Round "7"]
[White "RuperezA"]
[Black "Boundless_Strike"]
[Result "0-1"]
[WhiteElo "2457"]
[BlackElo "2627"]
[TimeControl "180+1"]
[EndTime "15:18:30 PDT"]
[Termination "Boundless_Strike won by resignation"]

1. e4 d5 2. exd5 Qxd5 3. Qf3 Qa5 4. Bc4 Nf6 5. Nc3 Nc6 6. Qg3 Nd4 7. Kd1 Bf5 8. d3 O-O-O 9. Nge2 Nxe2 10. Kxe2 e6 11.
Bd2 Bd6 12. Nb5 Qxd2+ 13. Kxd2 Bxg3 14. hxg3 c6 15. Nc3 b5 16. Bb3 a5 17. a4 b4 18. Ne2 Kc7 19. f3 h5 20. Ke3 Rd7 21.
Bc4 e5 22. g4 Bg6 23. gxh5 Rxh5 24. g4 Rxh1 25. Rxh1 Nd5+ 26. Bxd5 cxd5 27. d4 f6 28. c3 Re7 29. Kf2 Bd3 30. Nc1 Bc4 31. b3 Ba6 32. cxb4 axb4 33. Na2 exd4 34. Nxb4 Re2+ 35. Kf1 Rb2+ 36.
Nxa6+ Kd6 37. b4 d3 38. Rh8 Rb1+ 39. Kf2 d2 40. Rd8+ Ke5 41. Re8+ Kd4 42. Nc7 d1=Q 43. Ne6+ Kc3 44. Nf4 Qg1+ 0-1

[Event "Late-Titled-Tuesday-Blitz-March-26-2024"]
[Site "Chess.com"]
[Date "2024.03.26"]
[Round "7"]
[White "Vahe_Danielyan"]
[Black "KetiTsatsalashvili"]
[Result "0-1"]
[WhiteElo "2586"]
[BlackElo "2466"]
[TimeControl "180+1"]
[EndTime "15:18:30 PDT"]
[Termination "KetiTsatsalashvili won on time"]

1. d4 Nf6 2. c4 e6 3. Nc3 Bb4 4. Nf3 d5 5. cxd5 exd5 6. Bg5 h6 7. Bh4 c5 8. e3 g5 9. Bg3 Qa5 10.
Rc1 Nbd7 11. Bd3 c4 12. Bb1 Kf8 13. O-O Bxc3 14. bxc3 Kg7 15. Ne5 b5 16. f4 Nxe5 17. fxe5 Ne4 18. Bxe4 dxe4 19. d5 Qb6 20. Qh5 Rf8 21.
e6 Bxe6 22. dxe6 Qxe6 23. h4 Qg6 24. Qxg6+ Kxg6 25. hxg5 hxg5 26. Rcd1 Rfd8 27. Be5 Rd3 28. Bd4 f5 29. Rb1 a6 30. a4 Rb8 31. Kh2 b4 32. cxb4 f4 33. Rfe1 c3 34. b5 axb5 35. axb5 c2 36.
Rbc1 Rd2 37. Bc3 Rd3 38. exf4 gxf4 39. Be5 Rh8+ 40. Kg1 f3 41. gxf3 exf3 42. Kf2 Kf5 43. Bg3 Rhd8 0-1

[Event "Late-Titled-Tuesday-Blitz-March-26-2024"]
[Site "Chess.com"]
[Date "2024.03.26"]
[Round "7"]
[White "promen1999"]
[Black "hansen"]
[Result "0-1"]
[WhiteElo "2844"]
[BlackElo "2975"]
[TimeControl "180+1"]
[EndTime "15:18:36 PDT"]
[Termination "hansen won on time"]

1. d4 Nf6 2. Nf3 g6 3. Nbd2 d5 4. e3 Bg7 5. c4 O-O 6. b4 b6 7. Bb2 Bb7 8. Rc1 dxc4 9. Bxc4 Nbd7 10. O-O e6 11. Qe2 Nd5 12. b5 Qe7 13. e4 N5f6 14.
Bd3 Rfc8 15. Nc4 a6 16. a4 axb5 17. axb5 Ne8 18. Ra1 Qd8 19. Nfe5 Nxe5 20. Nxe5 Nd6 21. Nc6 Bxc6 22. bxc6 Rxa1 23. Rxa1 Ra8 24. Rc1 Ra5 25. h3 Qa8 26. Rc2 Ra2 27. h4 h5 28. g3 Qa4 29.
Kg2 Bxd4 30. e5 Nc8 31. Bb5 Qb4 32. Bxd4 Rxc2 33. Qxc2 Qxd4 34. Qe2 Ne7 35. Kh2 Nd5 36.
Bc4 Nc3 37. Qf1 Qxe5 38. Qd3 Kg7 39. Qd7 Ne4 40. Kg2 Nc5 41. Qd8 Qe4+ 42. Kh2 Qxc4 43. Qxc7 Qd4 44. Kg2 Nd3 45. Qd7 Qxf2+ 46. Kh1 Qf1+ 47.
Kh2 Qf2+ 48. Kh1 Ne1 0-1

[Event "Late-Titled-Tuesday-Blitz-March-26-2024"]
[Site "Chess.com"]
[Date "2024.03.26"]
[Round "7"]
[White "prime-morty"]
[Black "thesupera12"]
[Result "1-0"]
[WhiteElo "2564"]
[BlackElo "2427"]
[TimeControl "180+1"]
[EndTime "15:18:37 PDT"]
[Termination "prime-morty won by resignation"]

1. c4 g6 2. Nc3 Bg7 3. g3 c6 4. Bg2 Nf6 5. e4 O-O 6. Nge2 Na6 7. e5 Ne8 8. d4 d6 9. exd6 exd6 10. O-O Nac7 11.
Bf4 d5 12. Bxc7 Nxc7 13. cxd5 Nxd5 14. Nxd5 cxd5 15. Nc3 Qb6 16. Nxd5 Qxd4 17. Ne7+ Kh8 18. Qxd4 Bxd4 19. Rfd1 Bxb2 20. Rab1 Bf6 21. Nxc8 Raxc8 22. Rxb7 a5 23. Ra7 Bc3 24. Rdd7 Rcd8 25. Rxd8 Rxd8 26. Rxf7 Rd2 27. a4 Bd4 28. Bc6 Kg8 29. Rf3 Kg7 30. Kg2 Rc2 31. Bd5 Rd2 32. Rf7+ Kh6 33. Bc6 Rc2 34. Bb5 Rd2 35. h4 Bc3 36. Kh3 Rd6 37.
f4 Rf6 38. Rc7 Be1 39. g4 Bxh4 40. Kxh4 Rxf4 41. Rc6 Kg7 42. Ra6 h5 43. Rxa5 Rxg4+ 44. Kh3 Rb4 45. Ra6 g5 46. Be8 Rb3+ 47. Kg2 h4 48. Rg6+ Kh7 49. Rxg5 Ra3 50. a5 h3+ 51. Kh2 Kh6 52. Rb5 Kg7 53. Bd7 Kf6 54. Bxh3 Ke7 55.
Bf1 Kd6 56. Rh5 Kc6 57. a6 Kb6 58. Rh6+ Ka7 59. Kg2 Re3 60. Kf2 Re7 61. Be2 Rf7+ 62. Ke3 Re7+ 63. Kd2 Rd7+ 64. Bd3 Ka8 65. Kc3 Rd8 66.
Bc4 Rc8 67. Kb4 Rb8+ 68. Bb5 Rc8 69. Ka5 Rb8 70. Bc6+ Ka7 71. Rh7+ 1-0

[Event "Late-Titled-Tuesday-Blitz-March-26-2024"]
[Site "Chess.com"]
[Date "2024.03.26"]
[Round "7"]
[White "giomar27"]
[Black "bazar-wokzal"]
[Result "1-0"]
[WhiteElo "2454"]
[BlackElo "2557"]
[TimeControl "180+1"]
[EndTime "15:18:38 PDT"]
[Termination "giomar27 won by resignation"]

1. Nc3 d5 2. d4 Nf6 3. Bf4 e6 4. e3 Bb4 5. Ne2 O-O 6. a3 Ba5 7. b4 Bb6 8. Ng3 a5 9. b5 a4 10. Bd3 Ba5 11. Ne2 Qe7 12. O-O Bxc3 13. Nxc3 c5 14.
bxc6 bxc6 15. f3 c5 16. Nb5 Rd8 17. dxc5 e5 18. Bg5 Qxc5 19. Bxf6 Qxe3+ 20. Kh1 gxf6 21. Nc7 Ra5 22. Rb1 Nc6 23. Bb5 Qb6 24. Nxd5 Rxb5 25. Nxb6 Rxd1 26. Rfxd1 Rxb1 27. Rxb1 Bf5 28. Nxa4 Bxc2 29.
Nc3 Bxb1 30. Nxb1 f5 31. Kg1 e4 32. Kf2 Kg7 33. Ke3 exf3 34. Kxf3 Kf6 35. Nc3 Ke5 36. Ne2 h6 37. a4 Na5 38. Nc1 Kd4 39. Kf4 Kc3 40.
Kxf5 Kd2 41. Na2 Ke3 42. Kg4 Kf2 43. Kh3 f5 44. Nc3 f4 45. Ne4+ Ke3 46. Nf6 f3 47. Ng4+ Kf4 48. gxf3 h5 49. Nf6 Kxf3 50. Nxh5 Ke4 51. Kg4 Nc6 52. Ng3+ Kd4 53. Kf5 Ne7+ 54. Kf6 Nd5+ 55. Kf5 Ne7+ 56. Kg5 Kc5 57. h4 Kb4 58. h5 Ng8 59. Nf5 Kxa4 60. Kg6 Kb5 61. Kg7 1-0

[Event "Late-Titled-Tuesday-Blitz-March-26-2024"]
[Site "Chess.com"]
[Date "2024.03.26"]
[Round "7"]
[White "falzehope0"]
[Black "ExtremeLearner"]
[Result "0-1"]
[WhiteElo "2392"]
[BlackElo "2550"]
[TimeControl "180+1"]
[EndTime "15:18:38 PDT"]
[Termination "ExtremeLearner won by checkmate"]

1. d4 Nf6 2. e3 e6 3. Bd3 Be7 4.
f4 O-O 5. Nf3 b6 6. O-O c5 7.
Nbd2 Bb7 8. Qe1 d5 9. c3 Ne4 10. Qe2 a5 11. Ne5 f6 12. Ng4 Ba6 13. Bxa6 Nxa6 14.
Nxe4 dxe4 15. f5 Qd5 16. fxe6 Qxe6 17. Nf2 Nc7 18. c4 f5 19. Nh3 g5 20. Qh5 Qg6 21. Qe2 Ne6 22. d5 Nd8 23. b3 Nf7 24. Bb2 h5 25.
Rad1 Bd6 26. Rf2 Rae8 27. Rdf1 Ne5 28. Bxe5 Rxe5 29. Kh1 Re7 30. Kg1 Rh7 31. Kh1 Qf6 32. g3 Qg6 33. Kg2 Rhf7 34. Kh1 Rf6 35. Kg2 f4 36.
gxf4 gxf4+ 37. Kh1 f3 38. Qc2 Qf5 39. Ng1 R8f7 40.
Ne2 Rg7 41. Ng1 Rfg6 42. Qd1 Qg4 43. Qd2 h4 44. Qe1 Qg2+ 45. Rxg2 fxg2# 0-1